Map: Acropolis LE

Players

Fevrier

  • Race: Terran Terran
  • League: Gold
  • Spawn Location: 5:00

Djorn - Winner!

  • Race: Protoss Protoss
  • League: Silver
  • Spawn Location: 11:00

VOD

Have the link to the VOD?

Description

Time

  • Played on: Aug. 28, 2019, 12:16 a.m.
  • Length: 12:26
Show
View Real Time Build Order
Export as new Build Order

Fevrier Terran 

Build Orders:  

Get SALT Encoding   

  12  0:03  SCV  
  13  0:16  SCV  
  14  0:23  Supply Depot  
  14  0:28  SCV  
  15  0:48  Barracks  
  15  0:54  Refinery  
  15  0:55  SCV  
  16  1:04  Supply Depot  
  16  1:07  SCV  
  17  1:19  SCV  
  18  1:31  SCV  
  19  1:42  Reaper  
  19  1:43  SCV  
  21  1:52  Refinery  
  21  2:00  Engineering Bay  
  21  2:07  Barracks x2  
  21  2:18  SCV  
  22  2:30  SCV  
  23  2:38  Command Center  
  23  2:42  SCV  
  24  3:27  Barracks Tech Lab  
  24  3:49  Barracks Reactor x2  
  24  3:57  Factory  
  24  4:02  SCV  
  25  4:06  Terran Infantry Weapons Level 1  
  25  4:12  SCV  
  25  4:14  SCV  
  27  4:24  SCV  
  28  4:25  Concussive Shells  
  28  4:26  SCV  
  29  4:36  SCV, Reaper  
  29  4:38  SCV  
  32  4:48  SCV  
  32  4:50  SCV  
  34  5:00  SCV  
  34  5:02  SCV  
  36  5:07  Combat Shield  
  36  5:08  Reaper  
  36  5:18  Missile Turret  
  36  5:24  Sensor Tower  
  36  5:31  Marine x4  
  40  5:38  SCV x2  
  40  5:40  Marauder  
  40  5:42  Refinery  
  44  5:49  Marine x2  
  46  6:05  Refinery  
  46  6:07  Factory Tech Lab  
  46  6:17  Missile Turret  
  46  6:29  Supply Depot x2  
  46  6:30  Supply Depot  
  46  6:31  Supply Depot  
  46  6:33  Supply Depot  
  46  6:47  Orbital Command  
  46  6:50  Marine x4  
  46  6:51  Marauder  
  46  6:53  Supply Depot  
  52  6:54  Orbital Command  
  52  7:08  Mag-Field Accelerator, Marine x2  
  52  7:11  Cyclone  
  52  7:12  Marauder  
  59  7:23  Command Center  
  59  7:27  SCV x2  
  61  7:34  Marauder  
  63  7:39  SCV x2  
  63  7:43  Cyclone  
  68  8:13  Missile Turret  
  68  8:15  Cyclone  
  71  8:29  Missile Turret  
  71  8:30  Missile Turret  
  71  8:37  Missile Turret  
  71  8:40  Hi-Sec Auto Tracking  
  71  8:47  Cyclone  
  74  8:52  Missile Turret  
  74  8:53  Missile Turret  
  74  9:04  Starport, Missile Turret  
  74  9:18  Stimpack  
  74  9:19  Cyclone  
  77  9:28  Missile Turret  
  77  9:33  SCV  
  78  9:45  SCV  
  79  9:50  Missile Turret  
  79  9:52  Hellion  
  81  9:57  SCV  
  82  10:09  SCV  
  82  10:13  Hellion  
  85  10:21  SCV  
  86  10:35  Hellion  
  54  10:50  Liberator  
  54  10:56  Hellion  
  52  11:33  Siege Tank  
Show
View Real Time Build Order
Export as new Build Order

Djorn Protoss - Winner!

Build Orders: Zealot Archon 

Get SALT Encoding   

  12  0:03  Probe  
  13  0:20  Probe  
  14  0:24  Pylon  
  14  0:32  Probe  
  15  0:44  Probe  
  16  0:52  Probe  
  16  0:55  Gateway  
  17  1:00  Probe  
  17  1:01  Assimilator  
  18  1:10  Pylon, Probe  
  19  1:18  Assimilator  
  19  1:22  Probe  
  20  1:27  Gateway  
  20  1:34  Probe  
  21  1:43  Cybernetics Core  
  21  1:48  Probe  
  22  2:00  Probe  
  23  2:09  Pylon  
  23  2:13  Gateway  
  23  2:22  Warp Gate  
  23  2:26  Adept  
  23  2:29  Twilight Council  
  23  2:33  Adept  
  27  2:52  Pylon  
  24  3:17  Probe  
  25  3:24  Pylon  
  25  3:26  Charge  
  25  3:29  Probe  
  26  3:35  Sentry  
  26  3:38  Forge  
  28  3:41  Probe  
  29  4:21  Protoss Ground Weapons Level 1  
  29  4:38  Templar Archives  
  29  4:39  Zealot x3  
  35  4:52  Robotics Facility  
  35  5:43  High Templar  
  35  5:44  High Templar  
  35  5:47  Zealot  
  41  6:09  Zealot  
  41  6:10  Nexus  
  43  6:22  Pylon  
  43  6:23  Pylon  
  43  6:29  Zealot  
  43  6:30  Zealot x2  
  49  6:33  Pylon  
  49  6:36  Archon  
  49  6:43  Protoss Ground Weapons Level 2  
  49  6:58  Gateway  
  49  7:00  Gateway  
  49  7:08  Pylon  
  49  7:25  Photon Cannon  
  49  7:27  Photon Cannon  
  49  7:37  Assimilator  
  49  7:40  Probe, Assimilator  
  49  7:43  Probe  
  51  7:46  High Templar x2  
  51  7:49  Zealot  
  51  7:51  Probe  
  57  7:52  Immortal  
  57  7:55  Probe  
  63  7:59  Probe  
  64  8:07  Probe x2  
  66  8:18  Probe  
  66  8:19  Probe, Zealot x2  
  72  8:20  Zealot  
  72  8:23  Immortal, High Templar  
  72  8:24  High Templar  
  78  8:30  Probe  
  78  8:31  Probe  
  84  8:39  Robotics Facility  
  84  8:42  Probe  
  84  8:47  Robotics Facility  
  85  8:59  Zealot  
  85  9:00  Zealot  
  89  9:25  Zealot x3  
  89  9:28  High Templar  
  89  9:29  High Templar  
  99  9:34  Archon  
  99  9:38  Archon x2  
  99  9:54  Zealot  
  101  10:02  Pylon  
  101  10:05  Pylon  
  101  10:07  Pylon  
  101  10:11  Pylon  
  101  10:21  Immortal x2  
  99  11:14  Zealot x3  
  99  11:15  Zealot x2  
Tags
 
Composition
Zealot Archon
Matchup
PvT
Replay Pack
sc2replays
Spawn Locations
Cross Positions
Add a new tag
Caveats
  • Supply blocks, unpowered buildings, or Contaminate may cause inaccurate times.
  • Supply counts are checked every 10 seconds.